 Dungeon Crawl Stone Soup version 0.16.1-2-g95b8d4c (webtiles) character file.

86 RobertPalmer the Cutter (level 4, 0/29 HPs)
             Began as an Octopode Warper on Mar 26, 2015.
             Slain by a gnoll
             ... wielding a +0 whip
              (9 damage)
             ... on level 2 of the Dungeon.
             The game lasted 00:02:55 (2622 turns).

RobertPalmer the Cutter (Octopode Warper)           Turns: 2622, Time: 00:02:55

Health: 0/29       AC:  1    Str: 10    XL:     4   Next: 50%
Magic:  7/7        EV: 12    Int: 15    God:
Gold:   68         SH:  0    Dex: 12    Spells: 1 memorised, 6 levels left

rFire  . . .     SeeInvis .     a - +0 short sword
rCold  . . .     Clarity  .     (no shield)
rNeg   . . .     SustAb   .     (helmet restricted)
rPois  .         Gourm    .     (no amulet)
rElec  .         Spirit   .     (no ring)
rCorr  .         Warding  .     (no ring)
rMut   .         Stasis   .     (no ring)
MR     .....                    (no ring)
Stlth  ++........               (no ring)
                                (no ring)
                                (no ring)
                                (no ring)

@: not resistant to hostile enchantments, unstealthy
A: almost no armour, amphibious, 8 rings, constrict 8, camouflage 1, gelatinous
body 1
a: no special abilities


You were on level 2 of the Dungeon.
You were not hungry.

You visited 1 branch of the dungeon, and saw 2 of its levels.

You collected 68 gold pieces.

Inventory:

Hand weapons
 a - a +0 short sword (weapon)
Missiles
 e - 5 tomahawks of dispersal {=f}
Jewellery
 h - an uncursed amulet of warding {unknown}
   (You found it on level 1 of the Dungeon)
Scrolls
 d - 2 scrolls of blinking {!r}
 i - a scroll of teleportation {unknown}
 m - 2 scrolls of random uselessness {unknown}
 n - 2 scrolls of remove curse {unknown}
Potions
 g - a potion of degeneration {unknown}
 j - 2 potions of might {unknown}
 k - a potion of curing {unknown}
 l - 2 potions of heal wounds {unknown}
Books
 c - a book of Spatial Translocations
Comestibles
 f - 3 bread rations {@e1}
 p - a beef jerky
 q - a chunk of flesh {@w0}
 r - a slice of pizza


   Skills:
 - Level 2.0 Fighting
 + Level 4.6 Short Blades
 - Level 1.0 Throwing
 - Level 2.3 Dodging
 - Level 2.0 Spellcasting
 - Level 3.0 Translocations


You had 6 spell levels left.
You knew the following spells:

 Your Spells              Type           Power        Failure   Level  Hunger
g - Apportation           Tloc           ##........   8%          1    #......


Dungeon Overview and Level Annotations

Branches:
Dungeon (2/15)

Altars:
Trog
Xom


Innate Abilities, Weirdness & Mutations

You cannot wear most types of armour.
You are amphibious.
You can wear up to eight rings at the same time.
You can use your tentacles to constrict many enemies at once.
Your skin changes colour to match your surroundings (Stealth).
Your rubbery body absorbs attacks (AC +1).


Message History

You take 1 damage, and have 28/29 hp.
You hit the adder. You constrict the adder.
You feel sick. The adder bites you.
You take 2 damage, and have 26/29 hp.
You barely miss the adder. You constrict the adder.
The adder completely misses you.
You hit the adder but do no damage. You constrict the adder.
You feel sick. The adder barely misses you.
You take 1 damage, and have 25/29 hp.
You hit the adder.
You kill the adder!
You feel sick.
You see here an adder corpse.
You take 1 damage, and have 24/29 hp.
Unknown command.
You start resting.
You feel sick. x5
You are no longer poisoned.
You take 3 damage, and have 21/29 hp.
You start resting.
A hobgoblin comes into view.
You butcher the adder corpse.
Things that are here:
a chunk of flesh {@w0}; an adder skeleton
q - 2 chunks of flesh {@w0} (gained 1)
The hobgoblin hits you.
You take 1 damage, and have 20/29 hp.
You hit the hobgoblin but do no damage. Your grab misses the hobgoblin.
The hobgoblin misses you.
You hit the hobgoblin but do no damage. You grab the hobgoblin.
You constrict the hobgoblin, but do no damage.
You hit the hobgoblin but do no damage. You constrict the hobgoblin.
The hobgoblin hits you.
You take 1 damage, and have 19/29 hp.
You hit the hobgoblin. You constrict the hobgoblin.
You kill the hobgoblin!
l - 2 glowing emerald potions (gained 1)
d - 2 scrolls of blinking {!r} (gained 1)
You now have 56 gold pieces (gained 19).
You start resting.
A gnoll comes into view. It is wielding a halberd.
Unknown command.
A gnoll is nearby!
A gnoll is nearby!
A rat comes into view.
You see here 12 gold pieces.
You now have 68 gold pieces (gained 12).
You hit the rat.
You kill the rat!
No target in view!
Some of the chunks of flesh in your inventory have rotted away.
Found an escape hatch in the ceiling.
There is an escape hatch in the ceiling here.
r - a slice of pizza A gnoll comes into view.
It is wielding a halberd.
You regained 4 hp, and now have 28/29 hp.
A gnoll is nearby!
A gnoll is nearby!
A gnoll is nearby!
You aren't carrying any items that can be evoked.
Unknown command.
Read which item? (? for menu, Esc to quit)
Identify which item? (\ to view known items) (? for menu, Esc to quit)
As you read the scroll of identify, it crumbles to dust.
o - a cursed -6 ring of dexterity Drop what? 17/52 slots (_ for help) (? for menu, Esc to quit)
You drop a cursed -6 ring of dexterity.
The gnoll shouts!
A gnoll comes into view. It is wielding a whip.
The gnoll shouts!
The gnoll misses you.
A gnoll comes into view. It is wielding a halberd.
Health restored: 29 The gnoll shouts! x2
The gnoll hits you with a halberd.
You take 6 damage, and have 23/29 hp.
MASSIVE DAMAGE!!
You barely miss the gnoll. You grab the gnoll. You constrict the gnoll.
The gnoll barely misses you.
You hit the gnoll. You constrict the gnoll. You barely miss the gnoll.
You constrict the gnoll. The gnoll hits you with a halberd!
You take 9 damage, and have 14/29 hp.
MASSIVE DAMAGE!!
You completely miss the gnoll. You constrict the gnoll.
The gnoll hits you with a whip. The gnoll barely misses you.
You take 5 damage, and have 9/29 hp.
Unknown command.
You release your grip on the gnoll.
The gnoll closely misses you.
The gnoll hits you from afar with a halberd.
* * * LOW HITPOINT WARNING * * *
You take 3 damage, and have 6/29 hp.
The gnoll closely misses you. The gnoll hits you but does no damage.
There is a stone staircase leading up here.
You barely miss the gnoll. You grab the gnoll. You constrict the gnoll.
You hit the gnoll.
You constrict the gnoll, but do no damage.
The gnoll hits you with a whip!
You die...

.................#..#######..####
#.############'#.######## #..#...
#.# #......g....g.# #...... #.#
#.....#######.###....#. #.#
#.........# #.....##... #.#
####.#g##.#######.##.#.
#.######### #.#.........##.##.##
#.........# #.###.#####.##.#....
#########)# #.#@g.......##.#####
#.# #.###.#..#...#.#
#.####.....#..#.#.#.#
#.......##.#..#...#.#
#######.###########. #.....)....
###########


You could see a gnoll.

Vanquished Creatures
  4 adders (D:2)
  An ooze (D:1)
  5 bats
  A giant cockroach (D:2)
  7 goblins
  8 hobgoblins
  8 jackals
  4 kobolds (D:2)
  A giant gecko (D:1)
  4 giant newts
  6 rats
49 creatures vanquished.

Notes
Turn   | Place    | Note
--------------------------------------------------------------
     0 | D:1      | RobertPalmer, the Octopode Warper, began the quest for the Orb.
     0 | D:1      | Reached XP level 1. HP: 14/14 MP: 3/3
    55 | D:1      | Reached XP level 2. HP: 5/19 MP: 4/4
    55 | D:1      | HP: 4/19 [giant newt (1)]
   582 | D:1      | Reached skill level 3 in Short Blades
  1258 | D:1      | Reached XP level 3. HP: 24/24 MP: 6/6
  1555 | D:2      | Found a bloodstained altar of Trog.
  1612 | D:2      | HP: 6/24 [jackal (3)]
  1614 | D:2      | Reached skill level 4 in Short Blades
  1727 | D:2      | Reached XP level 4. HP: 14/29 MP: 7/7
  1947 | D:2      | HP: 7/29 [poisoned by an adder]
  1955 | D:2      | HP: 6/29 [poisoned by an adder]
  2004 | D:2      | HP: 7/29 [goblin (3)]
  2275 | D:2      | Found a shimmering altar of Xom.
  2276 | D:2      | Found a shimmering altar of Xom.
  2276 | D:2      | Found a shimmering altar of Xom.
  2279 | D:2      | Found a shimmering altar of Xom.
  2590 | D:2      | HP: 6/29 [gnoll/halberd (3)]
  2622 | D:2      | Slain by a gnoll

Action                   |  1- 3 |  4- 6 || total
-------------------------+-------+-------++-------
Melee: Short sword       |    72 |    42 ||   114
  Use: Scroll            |     1 |     1 ||     2
 Stab: Sleeping          |     3 |     1 ||     4
  Eat: Chunk             |     2 |     3 ||     5

Vault maps used:
D:1:      sevenhm_arrival_forest_fort_large_4
D:2:      old_standard_altar, xom_redecorated, minmay_bad_closet,
          minmay_joined_circles, uniq_robin

Table legend:
 A = Turns spent in this place as a percentage of turns spent in the entire game.
 B = Non-inter-level travel turns spent in this place as a percentage of non-inter-level travel turns spent in the entire game.
 C = Inter-level travel turns spent in this place as a percentage of turns spent in this place.
 D = Turns resting spent in this place as a percentage of non-inter-level travel turns spent in this place.
 E = Turns spent auto-exploring this place as a percentage of non-inter-level travel turns spent in this place.
 F = Non-inter-level travel turns spent in this place divided by the number of levels of this place that you've seen.
                   A       B       C       D       E      F
               +-------+-------+-------+-------+-------+----------------------
         Total | 100.0 | 100.0 |   0.3 |   5.8 |   6.8 | 309.0
       Dungeon | 100.0 | 100.0 |   0.3 |   5.8 |   6.8 | 309.0
               +-------+-------+-------+-------+-------+----------------------

Table legend:
 A = Kills in this place as a percentage of kills in entire the game.
 B = Kills by you in this place as a percentage of kills by you in the entire game.
 C = Kills by friends in this place as a percentage of kills by friends in the entire game.
 D = Other kills in this place as a percentage of other kills in the entire game.
 E = Experience gained in this place as a percentage of experience gained in the entire game.
 F = Experience gained in this place divided by the number of levels of this place that you have seen.
                   A       B       C       D       E      F
               +-------+-------+-------+-------+-------+----------------------
         Total | 100.0 | 100.0 |  -nan |  -nan | 100.0 |  62.0
       Dungeon | 100.0 | 100.0 |  -nan |  -nan | 100.0 |  62.0
               +-------+-------+-------+-------+-------+----------------------
